Cogmind - Beta 12 --- EXPLORER MODE // 2023.08.09 @ 00:03:35 Player: Olexender Result: Destroyed by X-67 Chaingunner with Heavy Machine Gun Performance ------------- Evolutions (4) 2000 Regions Visited (10) 2000 Robots Destroyed (151) 755 Value Destroyed (6656) 6656 Prototype IDs (7) 140 Alien Tech Used (0) 0 Bonus (1769) 1769 TOTAL SCORE: 13320 Bonus ------- High Alert Combat Kills 216 Follower Combat Kills 153 Entered Garrisons 400 Used RIF Installer 500 Entered DSFs 500 Cogmind --------- Core Integrity 0/850 Matter 241/300 Energy 7/100 System Corruption 0% Temperature Cool (0) Movement Core (700) Ox13 Location -6/Garrison Parts ------- > --- POWER (2) -------- (None) > --- PROPULSION (5) --- (None) > --- UTILITY (6) ------ High-capacity Storage Unit Advanced Sensor Array Advanced Targeting Computer > --- WEAPON (3) ------- (None) > --- INVENTORY (20) --- Huge Storage Unit Matter Compressor (38) Structural Scanner Advanced ECM Suite Reaction Control System Hacking Suite System Shield System Restoration Module Improved Field Recycling Unit (16) Peak State ------------ > --- POWER ------------ Neutrino Core Particle Reactor > --- PROPULSION ------- Improved Titanium Leg Improved Titanium Leg Improved Titanium Leg Improved Titanium Leg Improved Titanium Leg > --- UTILITY ---------- Cooling System Improved Cooling System High-capacity Storage Unit Gravity Neutralizer Improved Medium Armor Plating Improved Shield Generator > --- WEAPON ----------- PD Laser > --- INVENTORY -------- Neutrino Core Huge Storage Unit Structural Scanner Advanced Targeting Computer Advanced ECM Suite Reaction Control System Improved Shield Generator Improved Shield Generator Hacking Suite System Shield System Restoration Module Improved Field Recycling Unit Advanced Plasma Cannon Heavy Mass Driver Heavy Mass Driver Chainsword [Rating: 83] Favorites ----------- Power Nuclear Core Engine Heavy Deuterium Engine Power Core Nuclear Core Reactor Particle Reactor Propulsion Improved Titanium Leg Leg Improved Titanium Leg Utility High-capacity Storage Unit Device Improved Cooling System Storage High-capacity Storage Unit Processor Advanced Targeting Computer Hackware System Shield Protection Hardened Light Armor Plating Weapon Gauss Cannon Energy Gun Improved Heavy Laser Energy Cannon Advanced Plasma Cannon Ballistic Gun Improved Assault Rifle Ballistic Cannon Gauss Cannon Slashing Weapon Katana Build | -11 -10 -9 -9 -8 -7 -7 -7 -7 -6 -6 ------- Run | Jun Mat Mat Sto Mat Fac Gar Fac DSF Fac Gar Slots Evolved 9 | . 1 2 . 2 2 . . . 2 . Power 1 | . 1 . . . . . . . . . Propulsion 3 | . . 1 . 1 1 . . . . . Utility 4 | . . 1 . 1 1 . . . 1 . Weapon 1 | . . . . . . . . . 1 . Parts Attached 139 | 5 9 14 29 25 17 16 . 7 7 10 Power 16 | 1 2 3 1 2 2 2 . . 1 2 Engine 7 | 1 2 1 . 1 2 . . . . . Core 8 | . . 2 1 1 . 1 . . 1 2 Reactor 1 | . . . . . . 1 . . . . Propulsion 30 | 2 1 4 5 9 2 3 . 3 1 . Treads . | . . . . . . . . . . . Leg 30 | 2 1 4 5 9 2 3 . 3 1 . Wheel . | . . . . . . . . . . . Hover . | . . . . . . . . . . . Flight . | . . . . . . . . . . . Utility 58 | 1 4 4 7 11 9 9 . 4 4 5 Device 37 | . 4 2 3 6 5 5 . 4 4 4 Storage 3 | 1 . . . 2 . . . . . . Processor 1 | . . . . . . . . . . 1 Hackware 1 | . . . . . . 1 . . . . Protection 16 | . . 2 4 3 4 3 . . . . Artifact . | . . . . . . . . . . . Weapon 35 | 1 2 3 16 3 4 2 . . 1 3 Energy Gun 12 | . 2 2 6 . 1 . . . 1 . Energy Cannon 4 | . . . . 1 2 . . . . 1 Ballistic Gun 8 | 1 . 1 6 . . . . . . . Ballistic Cannon 6 | . . . . 2 1 2 . . . 1 Launcher . | . . . . . . . . . . . Special Weapon . | . . . . . . . . . . . Impact Weapon . | . . . . . . . . . . . Slashing Weapon 5 | . . . 4 . . . . . . 1 Piercing Weapon . | . . . . . . . . . . . Special Melee Weapon . | . . . . . . . . . . . Unidentified Prototypes 7 | . . . 4 . 2 1 . . . . Parts Lost 26 | . . 2 . 2 . 2 . . 2 18 Power 5 | . . 1 . . . . . . . 4 Propulsion 5 | . . . . . . . . . 1 4 Utility 12 | . . . . 2 . 2 . . 1 7 Weapon 4 | . . 1 . . . . . . . 3 Highest Loss Streak 18 | . . 1 . 1 . 1 . . 2 18 To Critical Strikes 1 | . . 1 . . . . . . . . Average Slot Usage (%) 96 | . 99 93 98 99 100 96 92 91 81 65 Engine 7 | . 25 8 . 6 13 4 . . . . Core 7 | . . 8 20 9 . 4 7 7 5 5 Reactor 1 | . . . . . . 4 7 7 6 4 Leg 31 | . 25 26 29 32 35 34 35 34 27 19 Device 19 | . 22 20 19 16 21 16 21 20 22 20 Storage 4 | . 1 . . 7 7 7 7 7 6 6 Protection 6 | . . 9 9 7 7 6 7 7 6 4 Energy Gun 5 | . 11 10 10 6 . . . . 6 4 Energy Cannon 2 | . . . . 1 7 3 . . . . Ballistic Gun 4 | . 12 9 8 5 . . . . . . Ballistic Cannon 3 | . . . . 2 7 6 7 7 . . Naked Turns . | . . . . . . . . . . . Heaviest Build 117 | 17 24 28 30 74 92 110 105 117 97 98 Greatest Support 112 | 20 20 33 39 80 100 112 112 112 112 92 Greatest Overweight (x) 14 | . 1 . . . . 1 . 1 1 14 Average Overweight (x) . | . . . . . . . . . . 1 Largest Inventory Capacity 20 | 10 10 5 5 20 20 20 20 20 20 20 Average Capacity 14 | 8 5 5 5 15 20 20 20 20 20 20 Most Carried 20 | 5 5 5 5 20 20 20 20 20 20 18 Average Carried 12 | 2 2 4 4 13 19 19 20 19 17 16 Final Capacity 20 | 10 5 5 5 20 20 20 20 20 20 20 Final Carried 20 | 3 4 5 4 20 20 20 20 20 18 9 Class Distribution -------------------- 84% | Hacker-Mutant 7% | Hacker-Tank 6% | Scavenger-Mutant Dominant Class ---------------- Hacker-Mutant | -10/Materials Scavenger-Mutant | -9/Materials Hacker-Mutant | -9/Storage Hacker-Mutant | -8/Materials Hacker-Mutant | -7/Factory Hacker-Mutant | -7/Garrison Hacker-Mutant | -7/Factory Hacker-Mutant | -7/DSF Hacker-Tank | -6/Factory Hacker-Tank | -6/Garrison Resources | -11 -10 -9 -9 -8 -7 -7 -7 -7 -6 -6 ----------- Run | Jun Mat Mat Sto Mat Fac Gar Fac DSF Fac Gar Matter Collected 4008 | 198 232 237 512 620 407 1417 . 282 80 23 Remotely . | . . . . . . . . . . . Salvage Created 6203 | . 308 541 1046 1689 576 1297 . 230 308 208 Parts 337 | . 22 24 78 93 38 44 . 11 17 10 Haulers Intercepted 2 | . . 1 1 . . . . . . . Recyclers Shooed 1 | . . . . 1 . . . . . . Parts Field Recycled 3 | . . . . . . 3 . . . . Retrieved Matter 200 | . . . . . . 200 . . . . Parts Self-Destructed . | . . . . . . . . . . . Prevented . | . . . . . . . . . . . Kills | -11 -10 -9 -9 -8 -7 -7 -7 -7 -6 -6 ------- Run | Jun Mat Mat Sto Mat Fac Gar Fac DSF Fac Gar Combat Hostiles Destroyed 123 | . 6 9 19 33 14 23 . 9 5 5 Guns 68 | . 6 8 19 29 . . . . 4 2 Cannons 49 | . . . . 4 11 22 . 9 . 3 AOE 2 | . . . . . 2 . . . . . Classes Destroyed 17 | . 2 4 4 1 3 1 . 2 . . Worker 3 | . . . 2 1 . . . . . . Builder 4 | . . . 3 . 1 . . . . . Tunneler 1 | . . . . . 1 . . . . . Hauler 2 | . . 1 1 . . . . . . . Recycler 2 | . . . . 2 . . . . . . Operator 5 | . . 1 1 2 1 . . . . . Watcher 11 | . 2 1 2 5 1 . . . . . Swarmer 17 | . . . 2 6 2 5 . . . 2 Cutter 1 | . . . . . . 1 . . . . Grunt 56 | . 6 4 6 16 5 10 . 5 2 2 Brawler 1 | . . . 1 . . . . . . . Duelist 4 | . . 1 . 1 . 2 . . . . Sentry 31 | . . 4 10 10 2 3 . . 2 . Specialist 3 | . . . . . . . . 2 . 1 Hunter 3 | . . . . . 1 1 . 1 . . Programmer 6 | . . . . . 4 1 . . 1 . Heavy 1 | . . . . . . . . 1 . . Best Kill Streak 9 | . 2 3 5 8 3 9 . 4 2 2 Combat Bots Only 9 | . 2 2 2 7 3 9 . 4 2 2 Max Kills in Single Turn 2 | . 1 1 2 2 2 1 . 1 1 1 Gunslinging . | . . . . . . . . . . . Exploded 2 | . . . . . 2 . . . . . Melee . | . . . . . . . . . . . Uniques/NPCs Destroyed . | . . . . . . . . . . . Combat | -11 -10 -9 -9 -8 -7 -7 -7 -7 -6 -6 -------- Run | Jun Mat Mat Sto Mat Fac Gar Fac DSF Fac Gar Damage Taken 5882 | . 296 302 393 714 455 605 . 567 145 2405 Core 1137 | . 33 44 47 77 24 44 . 16 29 823 Absorbed by Shields 1112 | . . 30 176 119 147 257 . 151 58 174 Redirected to Shielding 1 | . . . . 1 . . . . . . Regen/Repaired (Parts) 200 | . 7 . 193 . . . . . . . Core Remaining (%) 87 | 100 86 . 77 86 . . . 88 . . Volleys Fired 480 | . 30 40 68 111 39 152 . 33 . 7 Largest 2 | . 2 2 2 2 2 2 . 1 . 1 Hottest 146 | . 70 90 88 123 146 146 . 75 . 98 Shots Fired 834 | . 58 80 129 197 78 230 . 33 15 14 Gun 454 | . 58 80 129 165 . . . . 15 7 Cannon 380 | . . . . 32 78 230 . 33 . 7 Launcher . | . . . . . . . . . . . Special . | . . . . . . . . . . . Kinetic 467 | . 30 32 66 111 39 152 . 33 . 4 Thermal 367 | . 28 48 63 86 39 78 . . 15 10 Explosive . | . . . . . . . . . . . Electromagnetic . | . . . . . . . . . . . Robot Hit Streak 36 | . 31 21 36 34 24 21 . 25 8 9 Robot Miss Streak 6 | . 2 1 2 2 1 3 . 1 3 6 Penetration Max 1 | . . . . . 1 . . 1 . . Secondary Targets 11 | . 3 1 1 6 . . . . . . Max Gunslinging Chain 1 | . 1 1 1 1 . . . . . . Autonomous 34 | . . . . . . . . . 17 17 Shots Hit Robots 594 | . 49 66 102 159 59 104 . 29 14 12 Core Hits 239 | . 18 23 39 68 22 46 . 7 9 7 Critical Kills 3 | . 1 . . . 1 1 . . . . Critical Parts Destroyed 2 | . . . 1 1 . . . . . . Critical Strikes 33 | . 1 3 5 5 5 10 . 3 . 1 Burn 11 | . . 3 4 4 . . . . . . Meltdown 2 | . . . . . 1 1 . . . . Destroy 3 | . 1 . 1 1 . . . . . . Blast 17 | . . . . . 4 9 . 3 . 1 Melee Attacks 4 | . . . 4 . . . . . . . Impact . | . . . . . . . . . . . Slashing 4 | . . . 4 . . . . . . . Piercing . | . . . . . . . . . . . Sneak Attacks . | . . . . . . . . . . . Combat Hostiles . | . . . . . . . . . . . Follow-up Attacks . | . . . . . . . . . . . Damage Inflicted 16537 | . 605 893 1707 3408 2104 4395 . 2121 735 569 Guns 7064 | . 605 893 1690 2917 . . . . 735 224 Cannons 9208 | . . . . 491 1856 4395 . 2121 . 345 Explosions 248 | . . . . . 248 . . . . . Melee . | . . . . . . . . . . . Ramming 17 | . . . 17 . . . . . . . Kinetic 9336 | . 345 368 766 1468 859 3163 . 2121 . 246 Thermal 6936 | . 260 525 924 1940 997 1232 . . 735 323 Explosive 248 | . . . . . 248 . . . . . Electromagnetic . | . . . . . . . . . . . Impact . | . . . . . . . . . . . Slashing . | . . . . . . . . . . . Piercing . | . . . . . . . . . . . Highest Corruption 2 | . 1 1 1 . 1 2 . . . . Average Corruption 1 | . 1 1 1 . 1 1 . . . . Corruption Purged 2 | . . . . . . 2 . . . . Corruption Blocked . | . . . . . . . . . . . Effects 16 | . 3 2 10 . 1 . . . . . Message Errors 3 | . 2 . 1 . . . . . . . Matter Fused 5 | . . 1 4 . . . . . . . Heat Flow Errors 1 | . 1 . . . . . . . . . Energy Discharges 2 | . . 1 1 . . . . . . . Data Loss (minor) 3 | . . . 2 . 1 . . . . . Misfires 1 | . . . 1 . . . . . . . Weapon Failures 1 | . . . 1 . . . . . . . Overload Shots . | . . . . . . . . . . . Overflow Damage 645 | . . . . . 138 273 . 144 . 90 Projectiles 573 | . . . . . 66 273 . 144 . 90 Explosions 72 | . . . . . 72 . . . . . Melee . | . . . . . . . . . . . Knockbacks 25 | . . . . 1 6 11 . 4 . 3 Impact . | . . . . . . . . . . . Kinetic 22 | . . . . 1 5 10 . 4 . 2 Secondary 3 | . . . . . 1 1 . . . 1 Self-Inflicted Damage . | . . . . . . . . . . . Shots . | . . . . . . . . . . . Rammed . | . . . . . . . . . . . Targets Rammed 1 | . . . 1 . . . . . . . Kicked 1 | . . . 1 . . . . . . . Crushed . | . . . . . . . . . . . Highest Temperature 291 | . 122 138 141 283 183 186 . . 155 291 Average Temperature 47 | . 37 36 42 51 35 40 . . 78 141 Received Heat Transfer 1954 | . 267 153 170 554 191 301 . 84 81 153 Effects 4 | . . . . 3 . . . . . 1 Energy Bleed 1 | . . . . . . . . . . 1 Interference 3 | . . . . 3 . . . . . . Siege Activations . | . . . . . . . . . . . Robots Corrupted . | . . . . . . . . . . . Combat Hostiles . | . . . . . . . . . . . Parts Fried . | . . . . . . . . . . . Impact Corruptions . | . . . . . . . . . . . Robots Melted 4 | . . 1 . . 1 1 . . 1 . Combat Hostiles 4 | . . 1 . . 1 1 . . 1 . Parts Melted 23 | . . 4 7 1 4 2 . . 4 1 Heat Transferred 11852 | . 599 1655 2220 3108 1420 1850 . . 650 350 Parts Sabotaged . | . . . . . . . . . . . Parts Stolen . | . . . . . . . . . . . Parts Stripped . | . . . . . . . . . . . Power Chain Reactions . | . . . . . . . . . . . Missiles Intercepted . | . . . . . . . . . . . Alert | -11 -10 -9 -9 -8 -7 -7 -7 -7 -6 -6 ------- Run | Jun Mat Mat Sto Mat Fac Gar Fac DSF Fac Gar Peak Influence 1280 | . 180 207 349 328 222 1280 509 451 319 64 Initial 499 | . . 7 33 28 46 81 499 194 175 9 Average 241 | . 38 109 149 108 90 755 433 335 155 17 Maximum Alert Level 4 | . . 1 1 1 1 4 2 2 1 . Low Security (%) 67 | 100 100 72 73 89 94 9 . 16 67 100 Level 1 14 | . . 27 26 10 5 10 49 44 32 . Level 2 7 | . . . . . . 30 50 39 . . Level 3 3 | . . . . . . 20 . . . . Level 4 5 | . . . . . . 29 . . . . Level 5 . | . . . . . . . . . . . High Security . | . . . . . . . . . . . Max Security . | . . . . . . . . . . . Sterilizations 1 | . . . . . . . . 1 . . Squads Dispatched 22 | . . 1 4 5 9 . . 2 1 . Investigation 7 | . . . 2 1 4 . . . . . Extermination 4 | . . . . . 3 . . . 1 . Reinforcement 9 | . . 1 2 3 1 . . 2 . . Assault . | . . . . . . . . . . . Garrison 2 | . . . . 1 1 . . . . . Intercept . | . . . . . . . . . . . Searches Triggered . | . . . . . . . . . . . Construction Impeded . | . . . . . . . . . . . Haulers Reinforced . | . . . . . . . . . . . Active Scanning Responses . | . . . . . . . . . . . Cargo Convoy Interrupts . | . . . . . . . . . . . Stealth | -11 -10 -9 -9 -8 -7 -7 -7 -7 -6 -6 --------- Run | Jun Mat Mat Sto Mat Fac Gar Fac DSF Fac Gar Distress Signals 4 | . . . . 4 . . . . . . Communications Jammed . | . . . . . . . . . . . Distress Signals . | . . . . . . . . . . . Times Spotted 166 | . 15 14 23 41 20 26 . 10 5 12 Peak Tracking Total 8 | . 3 3 3 4 3 3 . 4 2 8 Tactical Retreats 6 | . . 3 1 . . . . 2 . . Traps | -11 -10 -9 -9 -8 -7 -7 -7 -7 -6 -6 ------- Run | Jun Mat Mat Sto Mat Fac Gar Fac DSF Fac Gar Traps Triggered 12 | . 1 1 5 1 . 2 . 1 1 . Indirectly . | . . . . . . . . . . . Trap Hack Attempts . | . . . . . . . . . . . Triggered . | . . . . . . . . . . . Disarmed . | . . . . . . . . . . . Reprogrammed 21 | . 1 . 3 12 4 . 1 . . . Reused 1 | . . . 1 . . . . . . . Traps Extracted . | . . . . . . . . . . . Installed . | . . . . . . . . . . . Triggered 1 | . . . 1 . . . . . . . Machines | -11 -10 -9 -9 -8 -7 -7 -7 -7 -6 -6 ---------- Run | Jun Mat Mat Sto Mat Fac Gar Fac DSF Fac Gar Machines Disabled 22 | . . . 3 2 4 13 . . . . Max in Single Turn 2 | . . . 1 1 2 1 . . . . Garrison Access 2 | . . . 1 1 . . . . . . Garrison Relay 4 | . . . . . . 4 . . . . Machines Repaired . | . . . . . . . . . . . Machines Sabotaged . | . . . . . . . . . . . Overloaded Fab Kills . | . . . . . . . . . . . Hacking | -11 -10 -9 -9 -8 -7 -7 -7 -7 -6 -6 --------- Run | Jun Mat Mat Sto Mat Fac Gar Fac DSF Fac Gar Machines Accessed 58 | . 11 6 15 9 10 2 3 . 2 . Terminals 36 | . 8 3 10 5 5 2 3 . . . Fabricators 2 | . . . . . 2 . . . . . Repair Stations 4 | . 1 . 2 . 1 . . . . . Recycling Units 10 | . 2 2 2 2 1 . . . 1 . Scanalyzers 2 | . . 1 . 1 . . . . . . Garrison Access 4 | . . . 1 1 1 . . . 1 . Total Hacks 158 | . 30 16 39 24 29 5 13 . 2 . Successful 118 | . 25 15 29 21 16 1 9 . 2 . Failed 40 | . 5 1 10 3 13 4 4 . . . Catastrophic 2 | . . . 1 . . 1 . . . . Database Lockouts . | . . . . . . . . . . . Manual 59 | . 12 3 15 11 11 . 7 . . . Terminals 105 | . 23 6 29 15 14 5 13 . . . Fabricators 9 | . . . . . 9 . . . . . Repair Stations 10 | . 2 . 6 . 2 . . . . . Recycling Units 19 | . 5 4 2 6 1 . . . 1 . Scanalyzers 8 | . . 6 . 2 . . . . . . Garrison Access 7 | . . . 2 1 3 . . . 1 . Terminal Hacks 41 | . 10 2 13 7 1 1 7 . . . Record 5 | . 4 . . 1 . . . . . . Part Schematic 3 | . . . 2 . . . 1 . . . Robot Schematic 1 | . . . 1 . . . . . . . Robot Analysis 1 | . . 1 . . . . . . . . Open Door 3 | . . . 3 . . . . . . . Open DSF 1 | . . . . . . . 1 . . . Level Access Points 1 | . . . 1 . . . . . . . Branch Access Points 2 | . . 1 1 . . . . . . . Emergency Access Points 4 | . 1 . 1 . . 1 1 . . . Repair Station Index 2 | . . . . 1 . . 1 . . . Scanalyzer Index 1 | . 1 . . . . . . . . . Unreport Threat 3 | . 1 . . 1 . . 1 . . . Reprogram Traps 6 | . 1 . 1 2 1 . 1 . . . Hauler Manifests 1 | . . . . . . . 1 . . . Zone Layout 7 | . 2 . 3 2 . . . . . . Fabricator Hacks 7 | . . . . . 7 . . . . . Load Schematic 3 | . . . . . 3 . . . . . Build 4 | . . . . . 4 . . . . . Repair Station Hacks 9 | . 2 . 6 . 1 . . . . . Scan Component 5 | . 1 . 3 . 1 . . . . . Repair 4 | . 1 . 3 . . . . . . . Recycling Unit Hacks 19 | . 5 4 2 6 1 . . . 1 . Report Inventory 14 | . 3 3 2 4 1 . . . 1 . Retrieve Matter 1 | . 1 . . . . . . . . . Retrieve Components 4 | . 1 1 . 2 . . . . . . Scanalyzer 8 | . . 6 . 2 . . . . . . Insert Component 3 | . . 2 . 1 . . . . . . Analyze 5 | . . 4 . 1 . . . . . . Garrison Access Hacks 4 | . . . 1 1 1 . . . 1 . Unlock Access 2 | . . . . . 1 . . . 1 . Seal Access 2 | . . . 1 1 . . . . . . Unauthorized Hacks 30 | . 8 3 7 5 5 . 2 . . . Terminals 30 | . 8 3 7 5 5 . 2 . . . Botnet 30 | . 8 3 7 5 5 . 2 . . . Fabricators . | . . . . . . . . . . . Repair Stations . | . . . . . . . . . . . Recycling Units . | . . . . . . . . . . . Scanalyzers . | . . . . . . . . . . . Garrison Access . | . . . . . . . . . . . Data Cores Recovered 3 | . . 1 . 1 1 . . . . . Used 1 | . . . . . 1 . . . . . Hacking Detections 37 | . 6 4 9 4 9 2 3 . . . Full Trace Events 10 | . 1 1 2 1 4 1 . . . . Feedback Events 2 | . 1 . . . 1 . . . . . Corruption 2 | . 1 . . . 1 . . . . . Feedback Blocked . | . . . . . . . . . . . Robot Schematics Acquired 1 | . . . 1 . . . . . . . Robots Built 8 | . . . . . 8 . . . . . Authchips . | . . . . . . . . . . . Time 215 | . . . . . 215 . . . . . Total Robot Build Rating 20 | . . . . . 20 . . . . . Part Schematics Acquired 6 | . . 2 2 1 . . 1 . . . Parts Built 2 | . . . . . 2 . . . . . Authchips . | . . . . . . . . . . . Time 106 | . . . . . 106 . . . . . Total Part Build Rating 12 | . . . . . 12 . . . . . Parts Repaired 4 | . 1 . 3 . . . . . . . Time 122 | . 26 . 96 . . . . . . . Parts Recycled . | . . . . . . . . . . . Recycled Matter . | . . . . . . . . . . . Retrieved Matter . | . . . . . . . . . . . Retrieved Components 32 | . 3 10 . 19 . . . . . . Parts Scanalyzed 3 | . . 2 . 1 . . . . . . Part Schematics Acquired 3 | . . 2 . 1 . . . . . . Parts Damaged . | . . . . . . . . . . . Bothacking | -11 -10 -9 -9 -8 -7 -7 -7 -7 -6 -6 ------------ Run | Jun Mat Mat Sto Mat Fac Gar Fac DSF Fac Gar Used RIF Installer 1 | . . . . . . 1 . . . . Robots Hacked . | . . . . . . . . . . . Non-combat . | . . . . . . . . . . . Combat . | . . . . . . . . . . . Robot Hacks Applied . | . . . . . . . . . . . Relay Couplers Released 16 | . . . . . . 16 . . . . Machine Destruction 16 | . . . . . . 16 . . . . Fabnet Peak Effective % . | . . . . . . . . . . . Robots Rewired . | . . . . . . . . . . . Allies Hacked . | . . . . . . . . . . . Hacks Repelled . | . . . . . . . . . . . Allies | -11 -10 -9 -9 -8 -7 -7 -7 -7 -6 -6 -------- Run | Jun Mat Mat Sto Mat Fac Gar Fac DSF Fac Gar Total Allies 8 | . . . . . 8 . . . . . Largest Group 5 | . . . . . 5 5 . . . . Highest-Rated Group 118 | . . . . . 118 118 . . . . Highest-Rated Ally 32 | . . . . . 32 32 . . . . Total Orders . | . . . . . . . . . . . Ally Attacks 34 | . . . . . 15 19 . . . . Total Damage 993 | . . . . . 407 586 . . . . Kills 5 | . . . . . 3 2 . . . . Allies Corrupted . | . . . . . . . . . . . Allies Melted . | . . . . . . . . . . . Intel | -11 -10 -9 -9 -8 -7 -7 -7 -7 -6 -6 ------- Run | Jun Mat Mat Sto Mat Fac Gar Fac DSF Fac Gar Robot Analysis Total 1 | . . 1 . . . . . . . . Derelict Logs Recovered . | . . . . . . . . . . . Drone Launches . | . . . . . . . . . . . Drone Recoveries . | . . . . . . . . . . . Exploration | -11 -10 -9 -9 -8 -7 -7 -7 -7 -6 -6 ------------- Run | Jun Mat Mat Sto Mat Fac Gar Fac DSF Fac Gar Turns Passed 9550 | 58 1128 626 1405 1914 1366 1856 93 329 602 173 Spaces Moved 5728 | 49 784 385 846 1163 882 966 72 167 355 59 Core 20 | 19 . . . . . . . . . 1 Treads . | . . . . . . . . . . . Legs 5708 | 30 784 385 846 1163 882 966 72 167 355 58 Wheels . | . . . . . . . . . . . Hover . | . . . . . . . . . . . Flight . | . . . . . . . . . . . Fastest Speed 50 | 50 120 120 120 120 130 130 130 130 130 200 Average Speed 132 | 92 126 120 120 128 130 143 130 139 164 211 Slowest Speed 750 | 120 190 120 120 130 130 200 130 200 200 750 Overloaded Moves . | . . . . . . . . . . . Propulsion Burnouts . | . . . . . . . . . . . Robots Hopped . | . . . . . . . . . . . Cave-ins Triggered . | . . . . . . . . . . . Exploration Rate (%) 52 | 4 96 46 97 87 22 97 2 95 10 21 Regions Visited 10 Branch Regions 1 Pre-discovered Areas 1 | . . . 1 . . . . . . . Known Exits Taken 8 | 1 1 1 1 1 1 . 1 . 1 . Unknown Exits Taken . | . . . . . . . . . . . Scrap Searched . | . . . . . . . . . . . Spaces Dug 36 | . . . . 1 . 35 . . . . Terrain Destroyed 105 | . . . 3 13 25 47 . 7 9 1 Melee . | . . . . . . . . . . . Projectile 90 | . . . 3 13 10 47 . 7 9 1 AOE 15 | . . . . . 15 . . . . . Terrain Rammed . | . . . . . . . . . . . Walls Destroyed . | . . . . . . . . . . . Machines Disabled . | . . . . . . . . . . . Actions | -11 -10 -9 -9 -8 -7 -7 -7 -7 -6 -6 --------- Run | Jun Mat Mat Sto Mat Fac Gar Fac DSF Fac Gar Total 6837 | 61 865 472 1096 1381 1031 1178 71 212 372 98 Wait 283 | . 30 12 124 36 54 3 . 1 2 21 Move 5720 | 48 783 384 845 1162 882 965 71 166 355 59 Hop . | . . . . . . . . . . . Pick Up 104 | 8 9 11 8 30 16 13 . 2 6 1 Fast Attach 17 | . . 1 8 2 1 1 . 4 . . Attach 43 | 5 4 5 4 3 4 4 . . 5 9 Detach 2 | . . . 1 . 1 . . . . . Swap 79 | . 5 8 17 20 12 11 . 3 2 1 Drop 89 | . 4 11 11 17 22 19 . 3 2 . Fire 480 | . 30 40 68 111 39 152 . 33 . 7 Melee 4 | . . . 4 . . . . . . . Ram . | . . . . . . . . . . . Kick 1 | . . . 1 . . . . . . . Crush . | . . . . . . . . . . . Escape Stasis 15 | . . . 5 . . 10 . . . . Rewire . | . . . . . . . . . . . Trap . | . . . . . . . . . . . Miscellaneous . | . . . . . . . . . . . Route ------- -11/Junkyard -10/Materials (discovered 5 exits: *Mat x3 / *Min x2) -9/Materials (discovered 4 exits: *Mat / *Min / *Sto x2) -9/Storage (discovered 2 exits: *Mat / Rec) -8/Materials (discovered 3 exits: *Fac x3) -7/Factory (discovered 2 exits: *Fac / Gar) -7/Garrison (discovered 3 exits: *Fac x3) -7/Factory -7/DSF -6/Factory -6/Garrison History --------- Turn | Location | Event 9 | -11/Junkyard | Identified exit to Materials 9 | -11/Junkyard | Discovered exit to Materials (range 16) 59 | -11/Junkyard | Entered Materials 59 | -10/Materials | Evolved 1 slot: Power x1 228 | -10/Materials | Repaired ECM Suite 307 | -10/Materials | Build established: Hacker-Mutant 310 | -10/Materials | Identified exit to Mines 310 | -10/Materials | Discovered exit to Mines (range 16) 437 | -10/Materials | Identified exit to Materials 437 | -10/Materials | Discovered exit to Materials (range 3) 563 | -10/Materials | Discovered exit to Mines (range 11) 675 | -10/Materials | Discovered exit to Materials (range 8) 922 | -10/Materials | Discovered exit to Materials (range 17) 1187 | -10/Materials | Entered another Materials area 1187 | -9/Materials | Evolved 2 slots: Propulsion x1, Utility x1 1233 | -9/Materials | Identified exit to Storage 1233 | -9/Materials | Discovered exit to Storage (range 15) 1377 | -9/Materials | Identified exit to Mines 1377 | -9/Materials | Discovered exit to Mines (range 12) 1473 | -9/Materials | Identified exit to Materials 1473 | -9/Materials | Discovered exit to Materials (range 8) 1801 | -9/Materials | Build established: Scavenger-Mutant 1813 | -9/Materials | Entered Storage 1956 | -9/Storage | Repaired Hrd. Light Armor Plating 1989 | -9/Storage | Repaired Shield Generator 2147 | -9/Storage | Identified exit to Recycling 2352 | -9/Storage | Repaired Hrd. Light Armor Plating 2421 | -9/Storage | Build established: Hacker-Mutant 2466 | -9/Storage | Learned location of Armory (-4) 3218 | -9/Storage | Entered Materials 3218 | -8/Materials | Evolved 2 slots: Propulsion x1, Utility x1 3646 | -8/Materials | Destroyed 7 combat bots 3905 | -8/Materials | Identified exit to Factory 3905 | -8/Materials | Discovered exit to Factory (range 15) 4157 | -8/Materials | Garrison activated, responded to threat 4434 | -8/Materials | Discovered exit to Factory (range 7) 5005 | -8/Materials | Discovered exit to Factory (range 15) 5132 | -8/Materials | Entered Factory 5132 | -7/Factory | Evolved 2 slots: Propulsion x1, Utility x1 5527 | -7/Factory | Fabricated Adv. Plasma Cannon? 5729 | -7/Factory | Fabricated L-31 Rogue? 5925 | -7/Factory | Identified exit to Factory 5925 | -7/Factory | Discovered exit to Factory (range 14) 6147 | -7/Factory | Fabricated Y-54 Guardian? 6399 | -7/Factory | Fabricated L-31 Rogue? 6426 | -7/Factory | Garrison activated, responded to threat 6489 | -7/Factory | Identified exit to Garrison 6498 | -7/Factory | Entered Garrison 6498 | -7/Garrison | Accompanied by 5 allies 6508 | -7/Garrison | Triggered checkpoint 6738 | -7/Garrison | Triggered checkpoint 6752 | -7/Garrison | Garrison Relay disabled 6796 | -7/Garrison | Triggered checkpoint 6806 | -7/Garrison | Triggered checkpoint 6831 | -7/Garrison | Triggered checkpoint 6923 | -7/Garrison | Destroyed 9 combat bots 6957 | -7/Garrison | Triggered checkpoint 6983 | -7/Garrison | Garrison Relay disabled 7064 | -7/Garrison | Identified exit to Factory 7064 | -7/Garrison | Discovered exit to Factory (range 9) 7425 | -7/Garrison | Garrison Relay disabled 7438 | -7/Garrison | Triggered checkpoint 7471 | -7/Garrison | Discovered exit to Factory (range 11) 7763 | -7/Garrison | Triggered checkpoint 7799 | -7/Garrison | Garrison Relay disabled 8065 | -7/Garrison | Discovered exit to Factory (range 10) 8087 | -7/Garrison | Installed Relay Interface Framework 8354 | -7/Garrison | Entered Factory 8447 | -7/Factory | Identified exit to DSF 8447 | -7/Factory | Entered DSF 8477 | -7/DSF | Additional patrols routed to DSF 8646 | -7/DSF | Discovered exit to Factory (range 15) 8740 | -7/DSF | Sterilization system engaged 8760 | -7/DSF | Ambient heat levels rising (+10) 8775 | -7/DSF | Ambient heat levels rising (+10) 8776 | -7/DSF | Entered Factory 8776 | -6/Factory | Evolved 2 slots: Utility x1, Weapon x1 9085 | -6/Factory | Build established: Hacker-Tank 9378 | -6/Factory | Identified exit to Garrison 9378 | -6/Factory | Entered Garrison 9445 | -6/Garrison | Heavy support dispatched to Factory 9468 | -6/Garrison | Triggered checkpoint 9518 | -6/Garrison | Heavy support dispatched to Factory 9536 | -6/Garrison | Core integrity fell below 50% 9548 | -6/Garrison | Core integrity fell below 20% 9551 | -6/Garrison | Destroyed by X-67 Chaingunner with Heavy Machine Gun Last Messages --------------- 09531_ Wall collapses. 09532_ Penetrated by Slug. 09535_ Slug penetrates Wall. 09535_ Chainsword destroyed. 09536_ Acquired Lgt. Nuclear Core. 09537_ Penetrated by Slug. 09537_ Slug penetrates Wall. 09538_ Penetrated by Slug. 09543_ Lgt. Nuclear Core destroyed. 09543_ S-27 Virus destroyed. 09544_ X-67 Chaingunner overheating. 09545_ Penetrated by Slug. 09545_ Adv. Plasma Cannon blasted off. 09547_ Penetrated by Slug. 09547_ Knocked back. 09547_ X-67 Chaingunner overheating. 09548_ Penetrated by Slug. 09548_ X-67 Chaingunner overheating. 09550_ Penetrated by Slug. 09551_ X-67 Chaingunner heat damages core (-11). Map ----- +----------------------------------------------------+ | ?????????????????????????????????????????????????? | | ?????????????????????????????????????????????????? | | ?????????????????????????????????????????????????? | | ?????????????????????????????????????????????????? | | ?????????????????????????????????????????????????? | | ?????????????????????????????????????????????????? | | ?????????????????????????????????????????????????? | | ?????????????????????????????????????????????????? | | ?????????????????????????????????????????????????? | | ?????????????????????????????????????????????????? | | ?????????????????????????????????????????????????? | | ?????????????????????????????????????????????????? | | ????????????????????????######???????????????????? | | ##################??????# ???????????????????? | | #??????# ????????????????????? | | #??????# ????????????????????? | | #??????# h#?#??????????????????? | | ############## #??????# # #??????????????????? | | ?????????????# #??????# # #??????????????????? | | ?????????????# #??????# h ???????????????????? | | ?????????????# #??????#^ ^;????????????????????? | | ?????????????# ######## #?#??????????????????? | | ?????????????# ## % ##^^ # ##?????????????????? | | ?????????????# ## ! ##%% ; ;#?????????????????? | | ?????????????# %= ; #??????????????????? | | ?????????# + x*%]@[ ; #??????????????????? | | ?????????????# H**[% # #??????????????????? | | ????????????#; ## x%##= [#????????????????????? | | ????????????## ## %## =%#????????????????????? | | ???????????? %!! ???????????????????? | | ???????????# #??????????????????? | | ???????????# #??????????????????? | | ???????????# #??????????????????? | | ???????????### ## ## ###??????????????????? | | ?????????????# ## ## #????????????????????? | | ?????????????# ???????????????????? | | ?????????????# ???????????????????? | | ?????????????# ###??????????????????? | | ?????????????# ## ######????????????????????? | | ?????????????# ?# ??????????????????????????? | | ?????????????# ?#####??????????????????????????? | | ?????????????# ????????????????????????????????? | | ?????????????? ????????????????????????????????? | | ?????????????????????????????????????????????????? | | ?????????????????????????????????????????????????? | | ?????????????????????????????????????????????????? | | ?????????????????????????????????????????????????? | | ?????????????????????????????????????????????????? | | ?????????????????????????????????????????????????? | | ?????????????????????????????????????????????????? | +----------------------------------------------------+ Best States ------------- Heat Dissipation 86 Energy Generation 37 Energy Capacity 555 Matter Stores 300 Matter Capacity 300 Sight Range 16 Robot Scan Range 16 Terrain Scan Density 10 ECM Strength 1 Additional Mass Support 12 Armor Coverage 225 Resistance: KI 35 Resistance: TH 35 Resistance: EX 35 Resistance: EM 35 Resistance: I 35 Resistance: S 35 Resistance: P 35 Core Shielding 20 Evasion (%) 55 Targeting Accuracy 8 Matter Filtering 30 Offensive Hacking 20 Defensive Hacking 10 Item Schematics ----------------- Lgt. Armor Plating | -9/Materials | Scanalyzed Shield Generator | -9/Materials | Scanalyzed Mni. Grenade Launcher | -9/Storage | Hacked Reaction Control System | -9/Storage | Hacked Imp. Targeting Computer | -8/Materials | Scanalyzed Imp. Deuterium Engine | -7/Factory | Hacked Robot Schematics ------------------ L-31 Rogue | -9/Storage | Hacked Fabricated ------------ Adv. Plasma Cannon | x2 | -7/Factory | Preloaded L-31 Rogue | x3 | -7/Factory Y-54 Guardian | x2 | -7/Factory | Preloaded L-31 Rogue | x3 | -7/Factory Alien Tech Used ----------------- None Achievements -------------- None Challenges ------------ None Game ------ Seed AblativeAerolevClaymores Manual? 0 Play Time 02:15:38 Cumulative 145.6 hours Start 2023.08.04 @ 02:34:58 End 2023.08.09 @ 00:03:35 Sessions 9 Manual Loads 0 Difficulty Explorer Special Mode None Game No. 126 Rogue 0 Adventurer 102 Explorer 24 Win Type - Total 0 Types 0/0/0/0/0/0/0/0/0 Lore% 45 Gallery% 58 Achievement% 45 Wizard Run 0 Options --------- ASCII 0 Keyboard 0 Movement Mouse Keybinds 0 Fullscreen 1 Font 18/SmallcapsGlow Map View 112x50 Tactical HUD 1 Map Filters NONE Filters NONE Steam 1 RUN: be2dd910-ac94-4e3a-befb-9e08223b0def